AoeStats
← Leão

Arabia

508793782Analyzed
4v4 RM · 8d ago on Sep 24, 2026· 54m 48s· 8 players
Game mode
Random Map
Map size
Large (8 player)
Population
200
Speed
Normal
Resources
Standard
Victory
Conquest
Starting age
Dark Age
Ending age
Imperial Age
RankedLock teamsTeams togetherTeam positionsShared explorationLock speedFull tech treeHidden civsTurbo modeCheats
Victory
Defeat
🇲🇽 Cumans · Mexico
1321
+15
🇲🇽 Varangians · Mexico
1320
+15
🇲🇽 Ethiopians · Mexico
1298
+16
🇨🇱 Huns · Chile
1223
+19
🇧🇷 Burgundians · Brazil
1374
-19
🇧🇷 Khmer · Brazil
1317
-17
🇧🇷 Britons · Brazil
1272
-15
🇧🇷 Ethiopians · Brazil
1239
-14
Kikin24
7:01 Loom
10:11 Feudal Age
11:46 Bloodlines
15:02 Forging
15:56 Scale Barding Armor
17:20 Double-Bit Axe
23:24 Castle Age
22:09 Horse Collar
22:21 Gold Mining
24:45 Iron Casting
27:15 Chain Barding Armor
28:08 Husbandry
Moster
3:42 Loom
9:39 Feudal Age
11:43 Wheelbarrow
11:25 Double-Bit Axe
13:51 Horse Collar
21:00 Castle Age
25:14 Scale Barding Armor
25:51 Bloodlines
27:30 Chain Barding Armor
41:02 Imperial Age
38:30 Stone Mining
38:31 Gold Mining
40:31 Forging
42:23 Conscription
42:45 Plate Barding Armor
43:18 Fletching
43:48 Padded Archer Armor
43:28 Light Cavalry
43:40 Cavalier
44:21 Elite Skirmisher
44:59 Bodkin Arrow
49:53 Hand Cart
54:26 Iron Casting
54:06 Light Cavalry
55:18 Bow Saw
55:14 Heavy Plow
ModelGs2007
6:00 Loom
10:06 Feudal Age
11:04 Double-Bit Axe
14:40 Fletching
15:32 Padded Archer Armor
18:05 Wheelbarrow
20:58 Castle Age
21:12 Crossbowman
21:49 Bodkin Arrow
27:51 Gold Mining
29:54 Wheelbarrow
30:11 Bow Saw
32:03 Ballistics
32:00 Leather Archer Armor
32:12 Thumb Ring
38:08 Scale Mail Armor
39:24 Chain Mail Armor
40:02 Forging
41:50 Squires
47:52 Imperial Age
46:42 Hand Cart
48:45 Arbalester
51:32 Chemistry
51:45 Iron Casting
R MikuN
6:03 Loom
9:00 Feudal Age
9:31 Double-Bit Axe
9:56 Horse Collar
14:50 Scale Barding Armor
17:02 Wheelbarrow
18:47 Bloodlines
21:35 Castle Age
20:49 Gold Mining
21:28 Forging
21:35 Light Cavalry
28:50 Chain Barding Armor
31:58 Gold Shaft Mining
32:56 Iron Casting
32:25 Husbandry
33:59 Pikeman
36:13 Fletching
38:26 Bodkin Arrow
40:41 Hand Cart
46:16 Imperial Age
45:59 Bow Saw
46:24 Cavalier
48:24 Plate Barding Armor
48:50 Blast Furnace
47:55 Heavy Plow
49:54 Hussar
51:44 Paladin
Leão
6:42 Loom
9:33 Feudal Age
10:50 Double-Bit Axe
16:38 Fletching
26:01 Castle Age
24:58 Padded Archer Armor
26:31 Crossbowman
37:46 Bodkin Arrow
40:10 Horse Collar
43:44 Gold Mining
43:44 Stone Mining
45:23 Bow Saw
47:44 Gold Shaft Mining
48:28 Leather Archer Armor
53:11 Imperial Age
51:07 Ballistics
[RZ] James Rocha
4:45 Double-Bit Axe
7:29 Loom
9:52 Feudal Age
8:09 Horse Collar
16:09 Scale Barding Armor
18:29 Forging
21:42 Bow Saw
21:30 Gold Mining
25:01 Castle Age
27:16 Iron Casting
26:52 Cavalier
30:24 Gold Shaft Mining
31:39 Chain Barding Armor
46:40 Husbandry
54:04 Pikeman
[Rz] TK_puxa
6:59 Loom
9:14 Feudal Age
9:52 Double-Bit Axe
15:26 Forging
15:57 Horse Collar
21:30 Castle Age
21:23 Scale Barding Armor
22:16 Husbandry
22:27 Bloodlines
22:37 Chain Barding Armor
22:57 Iron Casting
22:26 Gold Mining
24:45 Gold Shaft Mining
27:03 Chain Barding Armor
28:58 Stone Mining
31:49 Fletching
49:03 Imperial Age
47:47 Wheelbarrow
47:35 Bow Saw
50:02 Hand Cart
49:52 Bodkin Arrow
50:55 Plate Barding Armor
50:51 Cavalier
52:33 Blast Furnace
[RZ] rj.renan
6:39 Loom
10:21 Feudal Age
11:02 Double-Bit Axe
13:20 Fletching
23:41 Castle Age
22:31 Gold Mining
24:02 Padded Archer Armor
25:07 Bodkin Arrow
24:56 Crossbowman
28:44 Leather Archer Armor
29:27 Ballistics
32:40 Thumb Ring
43:43 Imperial Age
43:46 Arbalester
44:28 Bracer
46:07 Chemistry
Connection lost

Rejoining the realm…

Still unreachable

The connection could not be restored.

Session expired

The server has moved on; the page needs a fresh start.